 Dungeon Crawl Stone Soup version 0.23.0-3-gf3c87f2 (webtiles) character file.

Game seed: 17809383881764816825

300 Frank the Slasher (level 6, -3/43 HPs)
             Began as an Octopode Fighter on Feb 24, 2019.
             Slain by Edmund
             ... wielding a +3 dire flail of protection
              (9 damage)
             ... on level 4 of the Dungeon.
             The game lasted 00:02:43 (2854 turns).

Frank the Slasher (Octopode Fighter)                Turns: 2854, Time: 00:02:44

Health: -3/43      AC:  1    Str: 15    XL:     6   Next: 36%
Magic:  6/6        EV: 12    Int: 11    God:
Gold:   118        SH:  9    Dex: 13    Spells: 5/5 levels left

rFire    . . .     SeeInvis .   a - +1 long sword
rCold    . . .     Gourm    .   b - +0 shield
rNeg     . . .     Faith    .   (helmet restricted)
rPois    .         Spirit   .   (no amulet)
rElec    .         Reflect  .   (no ring)
rCorr    .         Harm     .   (no ring)
MR       .....                  (no ring)
Stlth    ++++......             (no ring)
HPRegen  0.14/turn              (no ring)
MPRegen  0.10/turn              (no ring)
                                (no ring)
                                (no ring)

@: no status effects
A: almost no armour, stealthy swim, amphibious, 8 rings, constrict 8, camouflage
1, gelatinous body 1
a: no special abilities


You were on level 4 of the Dungeon.
You were hungry.

You visited 1 branch of the dungeon, and saw 4 of its levels.

You collected 118 gold pieces.

Inventory:

Hand Weapons
 a - a +1 long sword (weapon)
Armour
 b - a +0 shield (worn)
Potions
 e - a potion of haste {unknown}
 f - a potion of degeneration {unknown}
 g - 2 potions of curing {unknown}
 h - a potion of heal wounds
 k - a potion of lignification {unknown}
Comestibles
 d - 9 rations


   Skills:
 + Level 3.8 Fighting
 + Level 4.0 Long Blades
 + Level 3.6 Dodging
 + Level 4.0 Stealth
 + Level 3.9 Shields


You had 5 spell levels left.
You didn't know any spells.
Your spell library contained the following spells:

 Spells                   Type           Power        Failure   Level  Hunger
 Corona                   Hex            #......      82%         1    ##.....
 Ensorcelled Hibernation  Hex/Ice        #.....       91%         2    ###....
 Confuse                  Hex            #.......     99%         3    ####...
 Dazzling Spray           Conj/Hex       #.....       99%         3    ####...
 Tukima's Dance           Hex            #.......     99%         3    ####...


Dungeon Overview and Level Annotations

Branches:
Dungeon (4/15)
 Temple: D:4-7

Altars:
Cheibriados
Dithmenos
Gozag
Vehumet
Yredelemnul

Annotations:
D:4 Edmund


Innate Abilities, Weirdness & Mutations

You cannot wear most types of armour.
You are very stealthy in the water. (Stealth+)
You are amphibious.
You can wear up to eight rings at the same time.
You can use your tentacles to constrict eight enemies at once.
Your skin changes colour to match your surroundings (Stealth+).
Your rubbery body absorbs attacks. (AC +1, EV +1)


Message History

Edmund hits you with a +3 dire flail of protection!
You hit Edmund but do no damage. You squeeze Edmund.
Edmund is lightly wounded.
You constrict Edmund.
A frilled lizard comes into view.
Edmund hits you with a +3 dire flail of protection!
You hit Edmund. You squeeze Edmund, but do no damage.
Edmund is lightly wounded.
You constrict Edmund, but do no damage.
Edmund hits you with a +3 dire flail of protection!
* * * LOW HITPOINT WARNING * * *
You hit Edmund but do no damage. You squeeze Edmund, but do no damage.
Edmund is lightly wounded.
You constrict Edmund, but do no damage. Edmund hits you but does no damage.
The hobgoblin barely misses you.
You hit Edmund. You squeeze Edmund.
Edmund is moderately wounded.
You constrict Edmund, but do no damage.
Edmund hits you with a +3 dire flail of protection!
You die...

#............# #
#............###
#............##.
#............##.
#########............##.
#.........#############.
.###...### ## #...# #
#..@# # #.g@# #..S#
##.l. .$.. ...... ...#._
...) ...


You could see Edmund, an adder, a hobgoblin and a frilled lizard.

Vanquished Creatures
  Menkaure (D:4)
  An orc priest (D:4)
  4 adders
  3 oozes
  4 worms
  A dart slug (D:1)
  6 orcs
  2 giant cockroaches
  19 hobgoblins
  9 jackals
  6 kobolds
  2 quokkas
  2 ball pythons (D:1)
  8 bats
  A frilled lizard (D:1)
  7 goblins
  5 rats
81 creatures vanquished.

Notes
Turn   | Place    | Note
-------+----------+-------------------------------------------
     0 | D:1      | Frank the Octopode Fighter began the quest for the Orb.
     0 | D:1      | Reached XP level 1. HP: 16/16 MP: 1/1
    36 | D:1      | Reached XP level 2. HP: 18/21 MP: 2/2
   186 | D:1      | Reached XP level 3. HP: 23/26 MP: 3/3
   794 | D:2      | Found a faded altar of an unknown god.
   876 | D:2      | Reached skill level 1 in Stealth
   876 | D:2      | Reached XP level 4. HP: 31/31 MP: 4/4
  1096 | D:2      | Found an opulent altar of Gozag.
  2081 | D:3      | Reached XP level 5. HP: 34/36 MP: 5/5
  2726 | D:4      | Found a shadowy altar of Dithmenos.
  2726 | D:4      | Found a faded altar of an unknown god.
  2731 | D:4      | Found a snail-covered altar of Cheibriados.
  2733 | D:4      | Found a basalt altar of Yredelemnul.
  2735 | D:4      | Found a faded altar of an unknown god.
  2765 | D:4      | Noticed Menkaure
  2773 | D:4      | Killed Menkaure
  2773 | D:4      | Reached XP level 6. HP: 26/43 MP: 6/6
  2845 | D:4      | Noticed Edmund
  2847 | D:4      | Found a radiant altar of Vehumet.
  2854 | D:4      | Slain by Edmund

Skill      XL: |  1  2  3  4  5 |
---------------+----------------+-----
Stealth        | 1 2 4 |  4.0
Long Blades    | 3 4 |  4.0
Fighting       | |  3.8
Dodging        | |  3.6
Shields        | |  3.9

Action                   |  1- 3 |  4- 6 || total
-------------------------+-------+-------++-------
Melee: Long sword        |    65 |    68 ||   133
       Constrict         |    20 |    26 ||    46
       Tentacles         |    14 |    20 ||    34
  Use: Scroll            |     1 |     4 ||     5
       Potion            |     1 |     1 ||     2
 Stab: Sleeping          |     6 |    12 ||    18
  Eat: Ration            |       |     1 ||     1
       Chunk             |       |     2 ||     2
Armor: Skin              |     9 |     2 ||    11
Dodge: Dodged            |    26 |    30 ||    56
Block: Shield            |    29 |    25 ||    54
       Rpst.: Long sword |    11 |    11 ||    22
